 Dungeon Crawl Stone Soup version 0.17-a0-1646-geb1493d (webtiles) character file.

5968 JEM123 the Geomancer (level 10, 0/54 HPs)
             Began as a Gargoyle Earth Elementalist on Aug 8, 2015.
             Was a Believer of Vehumet.
             Slain by Maurice
             ... wielding a +0 short sword
              (6 damage)
             ... on level 8 of the Dungeon on Aug 10, 2015.
             The game lasted 03:14:19 (10985 turns).

JEM123 the Geomancer (Gargoyle Earth Elementalist) Turns: 10985, Time: 03:14:19

Health: 0/54       AC: 17    Str: 12      XL:     10   Next: 84%
Magic:  0/20       EV: 10    Int: 19      God:    Vehumet [**....]
Gold:   0          SH:  4    Dex:  8 (12) Spells: 6 memorised, 2 levels left

rFire  + . .     SeeInvis .     J - +2 whip (freeze)
rCold  + . .     Clarity  .     k - +1 ring mail "Veluery" {rF+ rN+}
rNeg   + + .     SustAt   .     I - +0 buckler
rPois  ∞         Gourm    +     r - +0 helmet
rElec  +         Spirit   .     h - +0 cloak
rCorr  .         Warding  .     (no gloves)
rMut   .         Stasis   .     O - +0 pair of boots
MR     +....                    g - amulet of the gourmand
Stlth  ..........               K - ring of loudness (curse)
                                G - ring of protection from magic

@: somewhat resistant to hostile enchantments, extremely unstealthy
A: agile 1, cold resistance 1, negative energy resistance 1, electricity
resistance, unbreathing, petrification resistance, rot immunity, AC +7
a: Renounce Religion


You were on level 8 of the Dungeon.
You worshipped Vehumet.
Vehumet was pleased with you.
You were hungry.

You visited 2 branches of the dungeon, and saw 10 of its levels.

You collected 115 gold pieces.
You spent 115 gold pieces at shops.

Inventory:

Hand weapons
 i - a +1 war axe of freezing
 l - a +1 dagger of freezing
 x - a +0 hunting sling
 y - a +5 trident
 z - a +0 dagger of venom
 B - a cursed -2 dagger
 J - a +2 whip of freezing (weapon)
 X - a +0 lajatang
Missiles
 a - 74 stones (quivered)
 b - 10 tomahawks
 j - 41 poisoned needles
Armour
 h - a +0 cloak (worn)
 k - the +1 ring mail "Veluery" (worn) {rF+ rN+}
   (You found it on level 4 of the Dungeon)

   It protects you from fire.
   It protects you from negative energy.
 m - a +1 robe of magic resistance
 r - a +0 helmet (worn)
 I - a +0 buckler (worn)
 O - a +0 pair of boots (worn)
Magical staves
 D - an uncursed staff of earth
 P - an uncursed staff of poison
Jewellery
 f - an uncursed amulet of stasis {unknown}
 g - an amulet of the gourmand (around neck)
 G - a ring of protection from magic (left hand)
 K - a cursed ring of loudness (right hand)
Magical devices
 p - a wand of slowing (25)
 N - a wand of slowing (29)
 U - a wand of frost (27)
Scrolls
 v - a scroll of magic mapping
 R - 2 scrolls of remove curse
 T - 3 scrolls of teleportation
 W - a scroll of amnesia {unknown}
 Y - a scroll of noise {unknown}
 Z - a scroll of blinking
Potions
 e - 2 potions of lignification
 o - 2 potions of ambrosia
 q - a potion of cure mutation
 A - a potion of cancellation {unknown}
 C - a potion of brilliance {unknown}
 E - a potion of haste {unknown}
 L - a potion of magic {unknown}
 M - a potion of agility {unknown}
 V - a potion of invisibility {unknown}
Books
 c - a book of Geomancy

   Spells                             Type                      Level
   a - Sandblast                      Earth                        1
   b - Stoneskin                      Transmutation/Earth          2
   c - Passwall                       Transmutation/Earth          3
   d - Stone Arrow                    Conjuration/Earth            3
   e - Petrify                        Transmutation/Earth          4
   f - Lee's Rapid Deconstruction     Earth                        5
 t - a book of Power

   Spells                             Type                      Level
   a - Fulminant Prism                Conjuration/Hexes            4
   b - Iskenderun's Mystic Blast      Conjuration                  4
   c - Venom Bolt                     Conjuration/Poison           5
   d - Bolt of Magma                  Conjuration/Fire/Earth       5
   e - Iron Shot                      Conjuration/Earth            6
   f - Orb of Destruction             Conjuration                  7
   g - Spellforged Servitor           Conjuration/Summoning        7
Comestibles
 d - 4 bread rations
 n - 3 meat rations
 w - 4 royal jellies
 S - a fruit


   Skills:
 + Level 2.7 Fighting
 - Level 3.0 Maces & Flails
 - Level 5.1 Armour
 - Level 2.1 Dodging
 - Level 2.1 Stealth
 - Level 4.0 Shields
 - Level 6.8 Spellcasting
 - Level 7.0 Conjurations
 - Level 4.1 Transmutations
 + Level 2.9 Fire Magic
 - Level 9.4 Earth Magic
   Level 5.5 Invocations
 - Level 5.1 Evocations


You had 2 spell levels left.
You knew the following spells:

 Your Spells              Type           Power        Failure   Level  Hunger
a - Sandblast             Erth           #####.       1%          1    None
b - Stoneskin             Trmt/Erth      ####....     1%          2    None
c - Stone Arrow           Conj/Erth      #####.       2%          3    #......
d - Lee's Rapid Deconstr  Erth           #####.....   14%         5    #####..
e - Iskenderun's Mystic   Conj           ####....     14%         4    ###....
f - Bolt of Magma         Conj/Fire/Erth ####......   43%         5    #####..


Dungeon Overview and Level Annotations

Branches:
Dungeon (9/15)             Temple (1/1) D:5
   Lair: D:8-11         Orc: D:9-12

Altars:
Ashenzari
Cheibriados
Dithmenos
Elyvilon
Fedhas
Kikubaaqudgha
Okawaru
Qazlal
Ru
Sif Muna
Trog
Vehumet
Xom
Yredelemnul
Zin
The Shining One

Shops:
D:7 ?

Annotations:
D:4 barrycontrary's ghost, average DECj
D:8 Maurice


Innate Abilities, Weirdness & Mutations

You are resistant to torment.
Your stone body is resilient (AC +7).
You are immune to poison.
You resist negative energy.
You are resistant to electric shocks.
You can survive without breathing.
You are immune to petrification.
You are immune to rotting.
You are agile. (Dex +2)
Your flesh is cold resistant.


Message History

The bolt of lightning misses you.
Drink which item? (? for menu, Esc to quit)
Okay, then.
Casting: Stone Arrow
Confirm with . or Enter, or press ? or * to list all spells.
You can't see any susceptible monsters within range! (Use Z to cast anyway.)
Casting: Stone Arrow
Confirm with . or Enter, or press ? or * to list all spells.
Aiming: Stone Arrow
Press: ? - help, Shift-Dir - straight line The stone arrow hits something.
Something hits you but does no damage.
You miss something. Something hits you.
* * * LOW HITPOINT WARNING * * *
Something steals your book of Fire!
Drink which item? (? for menu, Esc to quit)
It was a potion of degeneration.
There was something very wrong with that liquid.
You feel clumsy. Something hits you.
You die...

###...####....# #.
#§...§###....## .
#§§§..§§##.....###.#
§§§....§.#....##.#.#
......§§......<#...#
...._..........#)###
§§§..§§§......##(#
.§§§..§§§#....##(#
#§§§§§§§##....##@#
##§§.§§####.#.##{#
##§.§#####...##.#
#...........##.#
########....##.#
#....##.# #...>...#
#...##### #......#


There were no monsters in sight!

Vanquished Creatures
  Pikel (D:4)
  Sigmund (D:4)
  An orc warrior (D:7)
  An ice beast (D:6)
  A sky beast (Temple)
  2 ogres
  A phantom (D:4)
  3 slaves
  A necrophage (D:5)
  5 centaurs
  3 giant frogs
  A wyvern skeleton (D:6)
  10 killer bees
  3 scorpions
  5 wights (D:6)
  A crimson imp (D:5)
  A quasit (D:7)
  A giant frog zombie (D:6)
  2 jellies
  3 giant frog skeletons
  A centaur zombie (D:7)
  3 orc priests
  11 orc wizards
  4 hounds
  An iguana (D:5)
  7 worker ants
  The ghost of frankwang the Cudgeler, a weakling DsGl (D:7)
  A hound zombie (D:7)
  A hound skeleton (D:4)
  2 worker ant zombies (D:5)
  3 gnolls (D:8)
  13 adders
  A shadow imp (D:6)
  An adder skeleton (D:4)
  3 worms
  4 giant geckos
  38 orcs
  9 giant cockroaches
  6 goblins
  9 hobgoblins
  7 jackals
  5 quokkas
  13 bats
  A giant cockroach zombie (D:5)
  A giant gecko skeleton (D:5)
  3 giant newts
  8 kobolds
  2 quokka skeletons
  10 rats
  A bush (D:7)
217 creatures vanquished.

Notes
Turn   | Place    | Note
--------------------------------------------------------------
     0 | D:1      | JEM123 the Gargoyle Earth Elementalist began the quest for the Orb.
     0 | D:1      | Reached XP level 1. HP: 10/10 MP: 3/3
   251 | D:1      | Reached skill level 4 in Earth Magic
   251 | D:1      | Reached XP level 2. HP: 12/15 MP: 3/5
   288 | D:1      | Learned a level 2 spell: Stoneskin
   449 | D:1      | Reached XP level 3. HP: 19/19 MP: 1/6
  1310 | D:2      | Reached skill level 5 in Earth Magic
  1310 | D:2      | Reached XP level 4. HP: 24/24 MP: 5/8
  2126 | D:2      | Found a shimmering altar of Xom.
  2127 | D:2      | Found a radiant altar of Vehumet.
  2175 | D:2      | Reached XP level 5. HP: 28/28 MP: 5/9
  2294 | D:2      | Reached skill level 6 in Earth Magic
  2299 | D:2      | Learned a level 3 spell: Stone Arrow
  2718 | D:3      | Reached skill level 1 in Conjurations
  2718 | D:3      | Reached skill level 1 in Transmutations
  3325 | D:3      | Gained mutation: Your flesh is cold resistant. [potion of beneficial mutation]
  3326 | D:3      | Gained mutation: You are agile. (Dex +2) [potion of beneficial mutation]
  3418 | D:3      | Reached XP level 6. HP: 22/32 MP: 0/10
  3521 | D:4      | Upgraded the game from 0.17-a0-1644-g9c114d1 to 0.17-a0-1646-geb1493d
  3573 | D:5      | Entered Level 5 of the Dungeon
  3986 | D:4      | Got a translucent ring mail
  3997 | D:4      | Identified the cursed +1 ring mail "Veluery" {rF+ rN+} (You found it on level 4 of the Dungeon)
  4014 | D:4      | Noticed Sigmund
  4035 | D:4      | Killed Sigmund
  4035 | D:4      | Reached skill level 1 in Armour
  4035 | D:4      | Reached skill level 1 in Evocations
  4035 | D:4      | Reached XP level 7. HP: 20/36 MP: 2/11
  4092 | D:4      | Noticed barrycontrary's ghost (average DECj)
  5009 | D:4      | Noticed a slave
  5010 | D:4      | Noticed a slave
  5011 | D:4      | Noticed a slave
  5011 | D:4      | Noticed Pikel
  5011 | D:4      | Noticed a slave
  5033 | D:4      | Killed a slave
  5227 | D:5      | Killed a slave
  5328 | D:5      | Killed a slave
  5580 | D:4      | Killed Pikel
  5580 | D:4      | Reached XP level 8. HP: 18/41 MP: 0/12
  5894 | D:4      | Noticed a phantom
  5934 | D:4      | Killed a phantom
  5934 | D:4      | Reached skill level 5 in Armour
  5939 | D:5      | Found a bloodstained altar of Trog.
  6451 | D:5      | Reached skill level 1 in Shields
  6451 | D:5      | Reached skill level 7 in Earth Magic
  6970 | D:5      | Found a staircase to the Ecumenical Temple.
  6985 | Temple   | Entered the Ecumenical Temple
  7466 | D:2      | Became a worshipper of Vehumet
  7796 | D:5      | Reached XP level 9. HP: 45/45 MP: 5/15
  8131 | D:5      | Reached skill level 1 in Maces & Flails
  8476 | D:6      | Reached skill level 9 in Earth Magic
  8476 | D:6      | Reached skill level 5 in Invocations
  8476 | D:6      | Reached skill level 5 in Evocations
  8476 | D:6      | Reached XP level 10. HP: 50/50 MP: 16/20
  8483 | D:6      | Learned a level 5 spell: Lee's Rapid Deconstruction
  8488 | D:6      | Learned a level 4 spell: Iskenderun's Mystic Blast
  8541 | D:6      | Acquired Vehumet's first power
  8541 | D:6      | Offered knowledge of Magic Dart by Vehumet.
  9095 | D:6      | Learned a level 5 spell: Bolt of Magma
  9749 | D:6      | Reached skill level 1 in Fire Magic
  9815 | D:7      | Reached skill level 1 in Fighting
  9828 | D:7      | Offered knowledge of Throw Flame by Vehumet.
  9889 | D:7      | Found a blossoming altar of Fedhas.
 10257 | D:7      | Noticed frankwang's ghost (weakling DsGl)
 10262 | D:7      | Killed frankwang's ghost
 10671 | D:7      | Found Talaoleqast's Magic Scroll Shop.
 10679 | D:7      | Bought a scroll of teleportation for 33 gold pieces
 10679 | D:7      | Bought a scroll of blinking for 82 gold pieces
 10884 | D:8      | Found a shadowy altar of Dithmenos.
 10929 | D:8      | Offered knowledge of Dazzling Spray by Vehumet.
 10930 | D:8      | Noticed Maurice
 10985 | D:8      | Slain by Maurice

Vault maps used:
D:1:      evilmike_arrival_crescent
D:2:      gammafunk_temple_overflow_statue
D:3:      first_bread
D:4:      uniq_pikel, uniq_sigmund
D:5:      bloody_trog, temple_statues, bh_walls_and_bars
D:6:      wad_crossroads, kennysheep_generic_room_5
D:7:      serial_shops, nicolae_shop_stone, fedhas_bush_and_centaur_altar
D:8:      nicolae_dithmenos_the_darkroom,
          nicolae_gozag_cash_rules_everything_around_me,
          overflow_temple_1_default, serial_curves, eino_curves_03,
          eino_curves_02, corexii_leaking_fountain, uniq_maurice
D:9:      nemelex_xobeh_ov_fountains_minmay, special_room, uniq_erica,
          uniq_erolcha
Temple:   eino_temple_water_12

Action                   |  1- 3 |  4- 6 |  7- 9 | 10-12 || total
-------------------------+-------+-------+-------+-------++-------
Melee: Dagger            |    39 |    47 |    25 |       ||   111
       Staff             |       |    11 |     5 |    70 ||    86
       Trident           |       |     2 |    17 |     2 ||    21
       War axe           |       |       |    12 |       ||    12
       Whip              |       |       |       |    20 ||    20
 Fire: Hunting sling     |       |     8 |       |       ||     8
Throw: Stone             |       |     2 |     1 |       ||     3
 Cast: Sandblast         |    46 |    85 |   241 |   101 ||   473
       Stoneskin         |     1 |     3 |     1 |       ||     5
       Stone Arrow       |       |     2 |     9 |    64 ||    75
       Lee's Rapid Decon |       |       |       |     2 ||     2
Evoke: Wand              |       |       |     2 |       ||     2
  Use: Scroll            |       |     8 |     6 |     4 ||    18
       Potion            |       |     4 |     2 |     1 ||     7
 Stab: Sleeping          |     2 |     4 |       |       ||     6
  Eat: Beef jerky        |     1 |     1 |       |       ||     2
       Chunk             |       |     6 |     9 |     7 ||    22
       Bread ration      |       |     1 |       |       ||     1
       Fruit             |       |       |     3 |     3 ||     6
